[Event "Sardinia World Festival-A 2024"]
[Site "Orosei"]
[Date "2024.04.30"]
[Round "5.2"]
[White "Pichot, Alan"]
[Black "Lodici, Lorenzo"]
[Result "1-0"]
[ECO "C55"]
[WhiteElo "2644"]
[BlackElo "2565"]
[Annotator "TA"]
[PlyCount "113"]
[EventDate "2024.04.26"]
[EventType "swiss"]
[EventCountry "ITA"]
[SourceTitle "playchess.com"]
[Source "ChessBase"]
[SourceQuality "1"]
[TimeControl "40/5400+30:1800+30"]

1. e4 e5 2. Nf3 Nc6 3. Bc4 Nf6 4. d3 h6 5. O-O d6 6. a4 g6 {[%emt 0:00:04] C55: Two Knights: 4 d3, 4 d4 exd4 5 e5 and Max Lange Attack.} 7. a5 a6 8. d4 $5 {[%emt 0:00:37][%mdl 4] An interesting side line.} exd4 9. Nxd4 Nxd4 $146 ({Predecessor:} 9... Ne5 10. Bb3 c5 11. Ne2 Bg7 12. Nd2 O-O 13. Nf4 Bd7 14. Nd5 Bb5 15. Re1 c4 {1-0 Kosteniuk,A (2523)-Koneru,H (2567) Global Chess League rapid 2023 (8.4)}) 10. Qxd4 Bg7 11. Nc3 O-O 12. Qd3 Re8 13. Bd2 Be6 14. Bxe6 Rxe6 15. f4 Re7 16. f5 Kh7 17. Rae1 Qd7 18. Qh3 Rae8 19. Bg5 gxf5 20. Rxf5 (20. Qh4 $1 $11 Nxe4 21. Bxe7 Bd4+ 22. Kh1 Qxe7) 20... Re5 $1 $17 21. Ref1 Rxf5 $1 (21... Nxe4 $6 22. Bxh6 $11) 22. exf5 Ne4 (22... d5 $17 23. Bh4 d4) 23. Nxe4 $1 $11 Rxe4 24. Bd2 d5 (24... Bxb2 $2 25. Qxh6+ (25. Bxh6 Kg8 $18) 25... Kg8 26. f6 Bxf6 27. Rxf6 $18 (27. Qxf6 Qe7 $18)) 25. Qh5 d4 26. Qf3 Qd5 27. f6 Bf8 28. Qd3 Kh8 29. c4 Qe5 30. b4 c6 (30... c5 $1 $11 {remains equal.} 31. b5 axb5 32. cxb5 Re2) 31. c5 $1 $16 Qd5 32. Qh3 ({White should try} 32. h3 $16) 32... Qe6 (32... Kh7 $14) 33. Qxe6 $16 fxe6 34. Rf4 Rxf4 35. Bxf4 h5 {[%emt 0:00:12] [#]} 36. Kf2 (36. Be5 $6 Kg8 $14 (36... d3 $2 37. Kf2 $18)) (36. h3 $1 $18 {g4 is the strong threat.} Kg8 37. Kf2) 36... Kg8 37. Be5 Kf7 $2 (37... Bh6 $1 $14) 38. Bxd4 $18 Kg6 39. Kf3 Kf5 40. h3 $2 (40. Bc3 $18 Bh6 41. h3 (41. f7 Kg6 $16)) 40... e5 $16 41. Bc3 Bh6 $2 (41... Kxf6 $16 42. Ke4 Ke6) 42. f7 $18 Ke6 (42... e4+ $142 43. Ke2 Ke6) 43. g4 $18 hxg4+ 44. Kxg4 ({Inferior is} 44. hxg4 Kxf7 45. Ke4 (45. Bxe5 Bd2 $11) 45... Ke6 $11) 44... Kxf7 {[%emt 0:00:54] [#]} 45. Kf5 $1 ({And not} 45. Bxe5 Bd2 $11) 45... e4 46. Kxe4 Kg6 47. Be1 Bg7 48. h4 Ba1 49. h5+ Kxh5 50. Kf5 Bb2 51. Ke6 Kg4 52. Kd7 Kf3 53. Kc8 Ke2 54. Kxb7 Kxe1 55. Kxc6 Bc3 56. b5 axb5 57. Kxb5 1-0

[Event "Sardinia World Festival-A 2024"]
[Site "Orosei"]
[Date "2024.04.30"]
[Round "5.3"]
[White "Erdogmus, Yagiz Kaan"]
[Black "Dardha, Daniel"]
[Result "1/2-1/2"]
[ECO "D37"]
[WhiteElo "2540"]
[BlackElo "2630"]
[Annotator "TA"]
[PlyCount "98"]
[EventDate "2024.04.26"]
[EventType "swiss"]
[EventCountry "ITA"]
[SourceTitle "playchess.com"]
[Source "ChessBase"]
[SourceQuality "1"]
[TimeControl "40/5400+30:1800+30"]

1. d4 d5 2. c4 e6 3. Nc3 Be7 4. Nf3 Nf6 5. Bf4 O-O 6. e3 c5 7. dxc5 Bxc5 8. cxd5 Nxd5 9. Nxd5 exd5 10. Bd3 Bb4+ {[%emt 0:02:54] D37: Queen's Gambit Declined: 5 Bf4.} 11. Nd2 d4 12. Qc2 Nc6 13. O-O h6 14. a3 Bd6 15. Bxd6 Qxd6 16. Ne4 $146 ({Predecessor:} 16. e4 Ne5 17. Nc4 Nxc4 18. Qxc4 Be6 19. Qb4 Qxb4 20. axb4 Rfc8 21. Rfc1 g5 22. Kf1 Rxc1+ 23. Rxc1 {½-½ Radjabov,T (2756)-Anand,V (2779) Gashimov Memorial 6th 2019 (8)}) 16... Qe7 17. Rfe1 Rd8 18. Qc5 Qxc5 19. Nxc5 b6 20. Be4 bxc5 21. Bxc6 Rb8 22. exd4 cxd4 23. b4 Be6 24. Red1 Rd6 25. Rac1 Rc8 26. b5 d3 27. Rc3 d2 28. f3 {[%emt 0:00:50] [#]} a6 (28... Rd4 $1 $15) 29. a4 $11 Bd7 30. Kf2 Bxc6 31. bxc6 Rcxc6 32. Rxc6 Rxc6 33. Rxd2 Rc4 34. Rd8+ Kh7 35. Rd7 f6 36. g4 Rxa4 37. Ra7 Ra1 38. Kg3 a5 39. h4 h5 40. gxh5 Kh6 41. Kg4 Rg1+ 42. Kh3 Ra1 43. Kg4 a4 44. Kf5 Rf1 45. Ra8 Kh7 (45... Rxf3+ 46. Kg4) 46. Rxa4 Rxf3+ 47. Kg4 Rc3 48. Ra8 $1 Rc5 49. Rb8 Re5 1/2-1/2

[Event "Sardinia World Festival-A 2024"]
[Site "Orosei"]
[Date "2024.04.30"]
[Round "5.4"]
[White "Chigaev, Maksim"]
[Black "Sonis, Francesco"]
[Result "1-0"]
[ECO "E15"]
[WhiteElo "2621"]
[BlackElo "2562"]
[Annotator "RC"]
[PlyCount "117"]
[EventDate "2024.04.26"]
[EventType "swiss"]
[EventCountry "ITA"]
[SourceTitle "playchess.com"]
[Source "ChessBase"]
[SourceQuality "1"]
[TimeControl "40/5400+30:1800+30"]

1. d4 Nf6 2. c4 e6 3. g3 d5 4. Bg2 Bb4+ 5. Nd2 O-O 6. Ngf3 b6 7. O-O Bb7 8. Ne5 Be7 9. b3 a5 10. Qc2 c5 11. Bb2 Qc7 12. cxd5 exd5 13. Rac1 Na6 14. Qb1 Bd6 15. e4 Rfe8 16. exd5 Nb4 17. Ndc4 Bxd5 18. Bxd5 Nbxd5 19. Nxd6 Qxd6 20. dxc5 bxc5 21. Qf5 a4 22. Rfd1 axb3 23. axb3 Rad8 24. Ng4 Qe6 25. Qxe6 fxe6 26. Bxf6 Nxf6 27. Rxd8 Rxd8 28. Nxf6+ gxf6 29. Rxc5 Rd1+ 30. Kg2 Kf7 31. b4 Rb1 32. Rc7+ Kg6 33. Rb7 Rb3 34. b5 e5 35. b6 e4 36. Rb8 Kg7 37. b7 Rb1 38. g4 h5 39. h3 h4 40. Kh2 Kh7 41. Rf8 Rxb7 42. Rxf6 Rb5 43. Re6 Rb4 44. Kg2 Kg7 45. Kf1 Rb1+ 46. Ke2 Rb3 47. Rxe4 Rxh3 48. Re3 Rh1 49. Kf3 Kf6 50. Kf4 Rh2 51. g5+ Kf7 52. f3 Rg2 53. Rb3 h3 54. Rb7+ Ke6 55. Rb6+ Kf7 56. Rh6 h2 57. Kf5 Kg8 58. f4 Kg7 59. Ke4 1-0

[Event "Sardinia World Festival-A 2024"]
[Site "Orosei"]
[Date "2024.04.30"]
[Round "5.5"]
[White "Velten, Paul"]
[Black "Moussard, Jules"]
[Result "1/2-1/2"]
[ECO "E12"]
[WhiteElo "2481"]
[BlackElo "2610"]
[Annotator "TA"]
[PlyCount "81"]
[EventDate "2024.04.26"]
[EventType "swiss"]
[EventCountry "ITA"]
[SourceTitle "playchess.com"]
[Source "ChessBase"]
[SourceQuality "1"]
[TimeControl "40/5400+30:1800+30"]

1. d4 Nf6 2. c4 e6 3. Nf3 b6 4. a3 Bb7 5. Bf4 c5 6. Nc3 cxd4 7. Qxd4 Nc6 8. Qd3 {[%emt 0:01:48] The position is equal.} Nh5 9. Bg5 Be7 10. Bxe7 Qxe7 11. Nb5 {[%emt 0:00:19] [#] Black must now prevent Nd6+.} O-O 12. Nd6 $36 {[%emt 0:00:58][%mdl 2048] White is more active.} Nd8 13. Nxb7 Nxb7 14. g3 Rac8 15. Bg2 Nf6 16. O-O d5 17. cxd5 Rfd8 18. Rac1 exd5 19. Nd4 Nc5 20. Qc2 {[%emt 0:07:17] Strongly threatening b4.} Qd7 21. Rfd1 Re8 22. Qf5 Ne6 (22... Qxf5 23. Nxf5 Rcd8 (23... Rxe2 $2 24. b4 $18) 24. Nd4 $16) 23. Rxc8 Rxc8 24. Qd3 Nxd4 25. Qxd4 Qb5 26. Bf3 h6 27. Kg2 ({Reject} 27. Bxd5 Nxd5 28. Qxd5 Qxe2 $11) 27... Rc2 28. b4 (28. Bxd5 Nxd5 29. Qxd5 Qxe2 30. Qd8+ Kh7 31. Qd3+ Qxd3 32. Rxd3 Rxb2) 28... Qe8 29. Qd3 (29. Bxd5 Nxd5 30. Qxd5 Qxe2 31. Qd8+ Kh7 $11) 29... Rc8 30. Qb3 Rd8 31. Rd4 (31. Bxd5 $2 {loses.} Rxd5 (31... Qxe2 $2 32. Bxf7+ Kf8 33. Rxd8+ $18) (31... Nxd5 $2 32. Qc2 $19) 32. Rxd5 Qe4+ 33. f3 Qxd5 $19) 31... Qe5 32. Qd1 Rd7 33. e3 g6 34. Kg1 h5 35. h3 Qf5 36. Kg2 Kg7 37. h4 Qe5 38. Kg1 Qf5 39. Kg2 Qe5 $1 40. Kg1 Qf5 $1 41. Kg2 {[%emt 0:31:01] Weighted Error Value: White=0.09 (flawless) /Black=0.04 (flawless) .  Mistake:       	White=1     	---        Inaccurate:     	White=3     	Black=2      OK:         	White=10    	Black=16     Best:        	---       	Black=1      Strong:       	---       	Black=2} ({Better is} 41. a4 $14) 1/2-1/2

[Event "Sardinia World Festival-A 2024"]
[Site "Orosei"]
[Date "2024.04.30"]
[Round "5.6"]
[White "Mikhalevski, Victor"]
[Black "Moroni, Luca Jr"]
[Result "0-1"]
[ECO "E08"]
[WhiteElo "2506"]
[BlackElo "2580"]
[Annotator "TA"]
[PlyCount "68"]
[EventDate "2024.04.26"]
[EventType "swiss"]
[EventCountry "ITA"]
[SourceTitle "playchess.com"]
[Source "ChessBase"]
[SourceQuality "1"]
[TimeControl "40/5400+30:1800+30"]

1. Nf3 Nf6 2. g3 d5 3. Bg2 e6 4. O-O Be7 5. d4 O-O 6. c4 Nbd7 7. Qc2 a5 8. cxd5 exd5 9. Nc3 c6 {[%emt 0:02:04] The position is equal.} 10. Bf4 Nb6 11. Rad1 h6 12. h3 Be6 13. g4 Nfd7 14. e3 (14. Ne5 $11) 14... f5 $1 $15 15. Nh2 Nc4 16. Ne2 Qe8 17. b3 Nd6 18. Be5 g5 {[%emt 0:03:03] Prevents Nf4} (18... fxg4 $15 19. hxg4 a4) 19. f4 Ne4 20. Bxe4 fxe4 21. Rf2 Rc8 (21... Ba3 $11) 22. Qb2 (22. Nf1 $14) 22... Kh7 $11 23. Nf1 c5 (23... Nxe5 $11 {keeps the balance.} 24. dxe5 gxf4 25. exf4 Bc5) 24. Nfg3 $16 gxf4 25. Bxf4 (25. Nxf4 {keeps more tension.} Bh4 26. Kg2 Qe7 27. Rdf1) 25... Bh4 26. Rdf1 Qg6 27. Kh2 cxd4 28. Nxd4 Nc5 $1 29. Nxe6 Nxe6 30. Be5 {[%emt 0:00:42] Prevents d4.} Rxf2+ 31. Rxf2 (31. Qxf2 $11 {was the only way to keep the balance.} Ng5 32. Qf5 Nf3+ 33. Rxf3 Rc2+ 34. Kh1 exf3 35. Qd7+ Kg8 36. Nf5 Rc1+ (36... Bg5 37. Qxb7 Rc1+ 38. Kh2 $11) 37. Kh2 Rc2+ 38. Kh1 Rc1+ (38... Bg5 39. Qxb7 f2 40. Kg2 $16) 39. Kh2 Rc2+ 40. Kh1) 31... Ng5 $17 {[%emt 0:00:18] ...Nf3+ is the strong threat.} 32. Bf6 $2 {[%emt 0:00:30][%mdl 8192] [#]} (32. Rf1 $17) 32... Nf3+ $1 $19 33. Rxf3 exf3 34. Bc3 Qd3 {[%emt 0:01:00][%csl LRc3,LRe3] Weighted Error Value: White=0.65/Black=0.18 (very precise) .  Loses game:     	White=1     	---        Mistake:       	White=3     	Black=3      Inaccurate:     	White=4     	Black=1      OK:         	White=5     	Black=7      Best:        	---       	Black=1      Strong:       	---       	Black=3} 0-1

[Event "Sardinia World Festival-A 2024"]
[Site "Orosei"]
[Date "2024.04.30"]
[Round "5.7"]
[White "Gurel, Ediz"]
[Black "Bharath Subramaniyam H"]
[Result "1/2-1/2"]
[ECO "C60"]
[WhiteElo "2578"]
[BlackElo "2544"]
[Annotator "TA"]
[PlyCount "57"]
[EventDate "2024.04.26"]
[EventType "swiss"]
[EventCountry "ITA"]
[SourceTitle "playchess.com"]
[Source "ChessBase"]
[SourceQuality "1"]
[TimeControl "40/5400+30:1800+30"]

1. e4 e5 2. Nf3 Nc6 3. Bb5 Nge7 4. Nc3 Ng6 5. h4 Nd4 6. h5 Nf4 7. Nxd4 exd4 8. Qf3 {[%emt 0:00:17] White has an edge.} Bd6 9. Ne2 (9. d3 {is more complex.} dxc3 10. Bxf4 cxb2 11. Rb1) 9... Nxe2 10. Bxe2 h6 {[%emt 0:00:45] Black is weak on the light squares} 11. Qg4 (11. d3 $14) 11... O-O $11 12. O-O Be7 13. Qg3 d5 14. exd5 Qxd5 15. d3 Bd6 16. Bf4 Bxf4 17. Qxf4 Qc5 18. Bf3 Be6 19. Rac1 a5 20. a4 ({Don't play} 20. Bxb7 Rab8 21. Bf3 Rxb2 $15) 20... c6 21. Rfe1 Rfe8 22. Re2 Bd5 23. Rce1 Rxe2 24. Rxe2 Bxf3 {[%emt 0:00:42] The position is equal.} 25. Qxf3 {[%emt 0:00:05] KQR-KQR} Qg5 26. b3 Rd8 27. g3 Qd5 28. Qg4 b5 29. Re7 {[%emt 0:08:45] Weighted Error Value: White=0.07 (flawless) /Black=0.05 (flawless) .  Mistake:       	White=1     	---        Inaccurate:     	---       	Black=2      OK:         	White=13    	Black=13} 1/2-1/2

[Event "Sardinia World Festival-A 2024"]
[Site "Orosei"]
[Date "2024.04.30"]
[Round "5.8"]
[White "Shevchenko, Kirill"]
[Black "Kilic, Eray"]
[Result "1-0"]
[ECO "A14"]
[WhiteElo "2675"]
[BlackElo "2429"]
[Annotator "RC"]
[PlyCount "103"]
[EventDate "2024.04.26"]
[EventType "swiss"]
[EventCountry "ITA"]
[SourceTitle "playchess.com"]
[Source "ChessBase"]
[SourceQuality "1"]
[TimeControl "40/5400+30:1800+30"]

1. Nf3 d5 2. g3 Nf6 3. Bg2 e6 4. O-O Be7 5. c4 O-O 6. b3 c5 7. cxd5 Nxd5 8. Bb2 Nc6 9. d4 Bf6 10. e4 Ndb4 11. a3 Na6 12. e5 Be7 13. Nbd2 Nxd4 14. Nxd4 cxd4 15. Nc4 d3 16. Rc1 Rb8 17. b4 Nc7 18. Rc3 Nd5 19. Rxd3 b6 20. Qb3 Qe8 21. Re1 Ba6 22. Rd4 Bxc4 23. Qxc4 b5 24. Qd3 Nb6 25. Be4 g6 26. Bc1 Kg7 27. Qf3 Rc8 28. h4 f5 29. exf6+ Bxf6 30. Rd3 Nc4 31. Qe2 Rc7 32. Bg2 Rcf7 33. h5 Bd8 34. h6+ Kh8 35. Bf4 g5 36. Be5+ Nxe5 37. Qxe5+ Bf6 38. Qd6 Qd8 39. Qxe6 Qxd3 40. Qxf7 Qd8 41. Qb7 Qd2 42. Re3 g4 43. Qxb5 Bd4 44. Qf5 Qc1+ 45. Kh2 Qc8 46. Qxc8 Rxc8 47. Re7 Bxf2 48. Be4 Kg8 49. Rg7+ Kf8 50. Rxg4 Be3 51. Rg7 Bxh6 52. Rxa7 1-0

[Event "Sardinia World Festival-A 2024"]
[Site "Orosei"]
[Date "2024.04.30"]
[Round "5.9"]
[White "Ben Ari, Yannay"]
[Black "Van Foreest, Jorden"]
[Result "0-1"]
[ECO "E90"]
[WhiteElo "2436"]
[BlackElo "2668"]
[Annotator "TA"]
[PlyCount "70"]
[EventDate "2024.04.26"]
[EventType "swiss"]
[EventCountry "ITA"]
[SourceTitle "playchess.com"]
[Source "ChessBase"]
[SourceQuality "1"]
[TimeControl "40/5400+30:1800+30"]

1. Nf3 Nf6 2. c4 g6 3. Nc3 Bg7 4. e4 d6 5. d4 O-O 6. Be3 Ng4 7. Bg5 h6 8. Bh4 Nf6 9. Be2 g5 10. Bg3 Nh5 {[%emt 0:00:07] The position is equal.} 11. Qd2 c5 12. d5 (12. O-O-O $1 $14) 12... Nxg3 13. hxg3 e6 14. Bd1 ({White should play} 14. Nh2 $14 exd5 15. cxd5) 14... exd5 $11 15. exd5 Re8+ 16. Kf1 Nd7 17. Bc2 Nf6 18. Nh2 a6 {[%emt 0:01:23][%cal Ob7b5] White is now going downhill.} 19. Bd3 Bd7 20. Kg1 Qa5 21. Rc1 b5 22. b3 Qb4 23. Qc2 Re7 {[%emt 0:02:03] Black is more active.} 24. a3 Qa5 25. cxb5 axb5 (25... Qxa3 26. bxa6 Qb4 27. Ra1 $17) 26. b4 $2 (26. a4 c4 (26... bxa4 $2 27. bxa4 Bxa4 28. Qxa4 $19) 27. bxc4 bxa4 28. Bf1) 26... cxb4 $19 (26... Qxa3 27. bxc5 Qxc5 28. Qd2 $19) 27. axb4 Qxb4 28. Rb1 Qc5 {[%emt 0:00:40] [#] ...Rc8 is the strong threat.} 29. Nxb5 Qxc2 ({Less strong is} 29... Nxd5 30. Nf3 $19) 30. Bxc2 Bxb5 (30... Nxd5 $2 31. Bb3 $19) 31. Rxb5 Re1+ 32. Nf1 {[%emt 0:00:07] White is weak on the dark squares} Ng4 33. Rb4 {[%emt 0:01:04] Prevents Bd4} Ra2 34. Bb1 (34. Rb8+ {was called for.} Bf8 35. Rb1 Rxf1+ 36. Rxf1 Rxc2 37. f3) 34... Rxf2 35. Bd3 Rd2 {[%emt 0:00:56] Weighted Error Value: White=0.38/Black=0.13 (very precise) .  Mistake:       	White=5     	---        Inaccurate:     	White=3     	Black=1      OK:         	White=6     	Black=13     Best:        	---       	Black=4} 0-1

[Event "Sardinia World Festival-A 2024"]
[Site "Orosei"]
[Date "2024.04.30"]
[Round "5.10"]
[White "Kanov, Nikola"]
[Black "Lagarde, Maxime"]
[Result "1/2-1/2"]
[ECO "C02"]
[WhiteElo "2423"]
[BlackElo "2640"]
[Annotator "TA"]
[PlyCount "157"]
[EventDate "2024.04.26"]
[EventType "swiss"]
[EventCountry "ITA"]
[SourceTitle "playchess.com"]
[Source "ChessBase"]
[SourceQuality "1"]
[TimeControl "40/5400+30:1800+30"]

1. e4 e6 2. d4 d5 3. e5 c5 4. c3 Nc6 5. Nf3 Nge7 6. Na3 Bd7 7. Nc2 Qa5 8. dxc5 Ng6 9. b4 Qc7 10. Be2 Ncxe5 11. O-O Nxf3+ 12. Bxf3 Be7 13. c4 dxc4 14. Bb2 Rd8 15. Qe2 b6 16. Qxc4 bxc5 17. bxc5 Qxc5 18. Qxc5 Bxc5 19. Bxg7 Rg8 20. Bf6 Be7 21. Bxe7 Kxe7 22. g3 Ne5 23. Bg2 Ba4 24. Ne3 Rd2 25. f4 Nd3 26. Rab1 Rd8 27. a3 f5 28. Rb7+ Rd7 29. Rxd7+ Kxd7 30. Nc4 Rc2 31. Ne5+ Nxe5 32. fxe5 Bc6 33. Rd1+ Kc7 34. Bxc6 Rxc6 35. Rd4 Ra6 36. a4 Ra5 37. Rh4 Kc6 38. Rxh7 Rxa4 39. h4 Kd5 40. h5 Kxe5 41. h6 Rg4 42. Kf2 (42. Kg2 $11) 42... Rg6 $1 $17 43. Rxa7 Rxh6 44. Ra5+ Kf6 45. Kf3 e5 46. Rb5 Rg6 47. Rb8 Rg7 48. Rf8+ Rf7 49. Rh8 Ke6 (49... Ra7 $17) 50. Re8+ (50. g4 $11 {keeps the balance.}) 50... Re7 $17 51. Ra8 Rc7 52. Re8+ Kd6 53. Rd8+ Ke7 54. Rd5 Ke6 55. Rd8 Rc3+ 56. Kf2 Rc2+ 57. Ke3 Rc3+ 58. Kf2 e4 59. Re8+ Kf7 60. Re5 Kf6 $1 61. Re8 {[%emt 0:00:26] [#]} Rc2+ (61... Rc5 $1 $17) 62. Ke3 $1 $11 Rg2 63. Rg8 (63. Rf8+ $11 {was the only way to keep the balance.} Kg6 64. Rg8+ Kf7 65. Rg5) 63... Kf7 $17 64. Rg5 Ke6 65. Rg8 Kf6 66. Rf8+ {[%emt 0:00:42] [#]} Kg5 ({Black should try} 66... Ke5 $1 $17 67. Re8+ Kf6) 67. Rg8+ $11 Kh6 68. Kf4 Rf2+ 69. Ke5 Kh7 70. Rg5 e3 71. Kf6 $1 e2 72. Rg7+ Kh6 (72... Kh8 $5 73. Re7 $8 Kg8 $11) 73. Rg6+ Kh7 74. Rg7+ Kh8 75. Re7 Kg8 76. Re3 Kh7 77. Re8 Rg2 78. Kxf5 Rxg3 79. Ke4 $2 (79. Rxe2 $11 Kh8 80. Ke4) 1/2-1/2

[Event "Sardinia World Festival-A 2024"]
[Site "Orosei"]
[Date "2024.04.30"]
[Round "5.11"]
[White "Murzin, Volodar"]
[Black "Olsen, Filip Boe"]
[Result "1-0"]
[ECO "B87"]
[WhiteElo "2632"]
[BlackElo "2440"]
[Annotator "TA"]
[PlyCount "55"]
[EventDate "2024.04.26"]
[EventType "swiss"]
[EventCountry "ITA"]
[SourceTitle "playchess.com"]
[Source "ChessBase"]
[SourceQuality "1"]
[TimeControl "40/5400+30:1800+30"]

1. e4 c5 2. Nf3 d6 3. d4 cxd4 4. Nxd4 Nf6 5. Nc3 a6 6. Bc4 e6 7. Bb3 b5 8. a3 Be7 9. Qf3 Qc7 10. Be3 O-O 11. g4 {[%emt 0:06:55][%cal Bg2g4,Bg4g5,Bg5g6,Bg6f7][%mdl 32] The position is equal.} Bb7 $2 ({Better is} 11... Nfd7 $11) 12. g5 $16 Nfd7 {[%emt 0:05:04] [#]} 13. g6 $1 {[%emt 0:00:26] White is more active.} Nc5 {[%emt 0:26:00] [#]} (13... fxg6 14. Qh3 (14. Bxe6+ Kh8 $16) 14... Nc5 15. Nxe6 (15. Bxe6+ Nxe6 16. Qxe6+ Kh8 $14) 15... Nxe6 16. Qxe6+ (16. Bxe6+ Kh8 $16) 16... Kh8 17. O-O-O $16) (13... hxg6 $2 14. Nxe6 Qc6 (14... fxe6 15. Bxe6+) 15. Nxf8) (13... Ne5 $16 {was worth a try.} 14. gxf7+ Rxf7) 14. gxf7+ $1 $18 Rxf7 15. Nxe6 (15. Bxe6 $2 {perishes.} Nxe6 16. Nxe6 Qxc3+ 17. bxc3 Rxf3 $19) 15... Rxf3 16. Nxc7+ Nxb3 17. cxb3 Rxe3+ 18. fxe3 Ra7 19. O-O-O Bc6 20. N7d5 Bg5 21. h4 Bd8 22. Nb4 {[%emt 0:03:16][%cal Ob4c6] aiming for Nxc6!} Rd7 23. Nxc6 Nxc6 24. Nd5 Ne5 25. h5 Bg5 26. Kb1 {[%emt 0:00:47] White is clearly winning.} h6 27. Rc1 Rd8 28. Rhf1 {[%emt 0:04:04] White took control after the opening.   Weighted Error Value: White=0.01 (flawless) /Black=0.35.  Mistake:       	---       	Black=2      OK:         	White=10    	Black=8      Best:        	White=2     	---        Strong:       	White=2     	---} 1-0

[Event "Sardinia World Festival-A 2024"]
[Site "Orosei"]
[Date "2024.04.30"]
[Round "5.12"]
[White "Huschenbeth, Niclas"]
[Black "Aizenberg, Benny"]
[Result "0-1"]
[ECO "B30"]
[WhiteElo "2607"]
[BlackElo "2409"]
[Annotator "TA"]
[PlyCount "48"]
[EventDate "2024.04.26"]
[EventType "swiss"]
[EventCountry "ITA"]
[SourceTitle "playchess.com"]
[Source "ChessBase"]
[SourceQuality "1"]
[TimeControl "40/5400+30:1800+30"]

1. e4 c5 2. Nf3 Nc6 3. Bb5 e6 4. c3 Nge7 5. d4 cxd4 6. cxd4 d5 7. e5 Nf5 8. Nc3 {[%emt 0:05:45] The position is equal.} Be7 9. O-O O-O 10. g4 Nh4 11. Nxh4 Bxh4 12. f4 f6 13. Bxc6 (13. Be3 $11) 13... bxc6 $15 14. Be3 Ba6 15. Rf3 fxe5 16. dxe5 Be7 (16... Rb8 $15 17. Qa4 Bc8) 17. Na4 $1 $11 Rb8 18. a3 $2 {[%emt 0:09:57] [#]} (18. Nc5 $11 {and White stays safe.} Bc8 19. b3) 18... Bc4 $2 (18... Rb5 $1 $19 {Hoping for ...c5.} 19. f5 c5) 19. Bxa7 Ra8 (19... Rb7 $5 20. Bd4 Qe8 $11) 20. Bf2 {[%emt 0:03:29][%mdl 8192] [#] This costs White the game.} (20. Bd4 $1 $14 {stays ahead.}) 20... d4 $1 $19 21. b4 (21. Rc1 Bd5) 21... Bd5 {[%emt 0:02:14] ...Rxa4 is the strong threat. A strong pair of Bishops.} 22. Rd3 Rxf4 {[%emt 0:00:07][%cal Oh7h5] Black is clearly winning.} 23. Rxd4 Rxd4 24. Bxd4 {[%emt 0:00:09] [#]} Bf3 $1 {[%emt 0:00:06][%mdl 512] Weighted Error Value: White=0.70/Black=0.19 (very precise) .  Loses game:     	White=2     	---        Missed win:     	---       	Black=1      Mistake:       	White=1     	Black=1      Inaccurate:     	White=4     	Black=1      OK:         	White=5     	Black=6      Best:        	---       	Black=1      Strong:       	White=1     	---        Brilliant:      	---       	Black=1} 0-1

[Event "Sardinia World Festival-A 2024"]
[Site "Orosei"]
[Date "2024.04.30"]
[Round "5.13"]
[White "Lewtak, Damian"]
[Black "Sivuk, Vitaly"]
[Result "0-1"]
[ECO "E14"]
[WhiteElo "2343"]
[BlackElo "2551"]
[Annotator "TA"]
[PlyCount "86"]
[EventDate "2024.04.26"]
[EventType "swiss"]
[EventCountry "ITA"]
[SourceTitle "playchess.com"]
[Source "ChessBase"]
[SourceQuality "1"]
[TimeControl "40/5400+30:1800+30"]

1. Nf3 Nf6 2. c4 b6 3. Nc3 Bb7 4. d4 e6 5. e3 d5 6. cxd5 exd5 7. Qc2 {[%emt 0:01:46] E14: Queen's Indian: Classical Variation (4 e3).} Bd6 8. Nb5 O-O 9. Nxd6 Qxd6 $146 ({Predecessor:} 9... cxd6 10. Bd3 Nc6 11. Bd2 Rc8 12. Qa4 Qd7 13. O-O Rfd8 14. Rfc1 Ne4 15. Be1 Rc7 {1-0 Andreikin,D (2724)-Sarana,A (2640) Bryansk Zilberstein Memorial 5th rapid 2021 (8)}) 10. a4 Nc6 11. Be2 Nb4 12. Qb1 a5 13. O-O Rfe8 14. Bd2 Ne4 15. Bxb4 axb4 16. Qc2 c5 17. dxc5 bxc5 18. Nd2 Ng5 19. Nf3 Ne6 20. Rfd1 g6 21. b3 Qe7 22. Bb5 Red8 23. Qe2 Qf6 24. Rac1 Ra7 25. Ne1 Ba8 26. Nd3 Rc7 27. Rd2 Qg5 (27... Qe7 {simplifies} 28. h3 Qd6 29. f4 Ng7) 28. Rdc2 $2 (28. f4 $11 Qf6 29. Ne5) 28... c4 $1 $19 29. Nxb4 {[%emt 0:04:44][%cal Rb3c4] [#]} d4 $1 30. f4 (30. Rxc4 $2 Qxg2#) 30... Qe7 31. Rxc4 Nxf4 32. Qf2 Rxc4 33. Bxc4 (33. Rxc4 dxe3 (33... Nxg2 $2 34. Rxd4 Rxd4 35. exd4 $19) 34. Rc6 exf2+ 35. Kxf2 Rd2+ (35... Qxb4 36. h3 Qd2+ 37. Kf3 Rd4 38. Be2 Qxe2+ 39. Kg3 Qxg2+ 40. Kh4 Nxh3#) 36. Kf1 Qe3 (36... Qxb4 37. Rc8+ Kg7 38. Rxa8 Qe4 39. Rg8+ Kxg8 40. Be2 Qxe2+ 41. Kg1 Qxg2#) (36... Rd1+ 37. Kf2) 37. Rc8+ Kg7) 33... Nxg2 (33... dxe3 $2 {is the wrong capture.} 34. Qxf4 Qb7 35. Qg5 $18 (35. Nc6 Qxc6 36. Qxf7+ Kh8 $16)) (33... Qxe3 34. Re1 Qxf2+ 35. Kxf2 Nxg2 36. Re7 $15) 34. exd4 Nh4 $1 {[%emt 0:01:29] White must now prevent ...Qg5+.} 35. Rc3 (35. Qf4 {was called for.}) 35... Nf5 $1 $19 (35... Qxb4 36. Qxf7+ Kh8 37. Qf6#) 36. Nc2 Qg5+ 37. Kf1 {[%emt 0:01:10][%cal Oh2h4] [#]} Bg2+ $1 38. Ke2 {[%emt 0:08:33][%cal Oc3e3] [#]} (38. Qxg2 Qc1+) 38... Qc1 $1 {[%emt 0:02:10] ( -> ...Re8+)} 39. Bxf7+ $2 (39. Qxg2 Re8+ 40. Be6 (40. Kd3 $2 {is a self mate.} Qd1+ 41. Qd2 Qf1+) 40... Nxd4+ (40... fxe6 41. Qc6 $16) (40... Rxe6+ $2 41. Kd3 $19) 41. Nxd4 Qxc3 42. Qe4) 39... Kxf7 $19 40. Rc7+ Kg8 41. Qxg2 {[%emt 0:02:15] aiming for Qc6.} Nxd4+ 42. Nxd4 Re8+ 43. Kf3 Qe3+ 0-1